 Dungeon Crawl Stone Soup version 0.31-a0-145-g046c7d2549 (webtiles) character file.

Game seed: 5421211495228676530

30 hikkokomori the Digger (level 3, -3/28 HPs)
             Began as a Meteoran Earth Elementalist on June 7, 2023.
             Slain by an ogre
             ... wielding a +0 giant spiked club
              (16 damage)
             ... on level 3 of the Dungeon.
             The game lasted 00:04:38 (486 turns).

hikkokomori the Digger (Meteoran Earth Elementalist) Turns: 486, Time: 00:04:39

Health: -3/28      AC:  3    Str: 11    XL:     3   Next: 58%
Magic:  6/8        EV: 12    Int: 16    God:
Gold:   52         SH:  0    Dex: 15    Spells: 7/8 levels left

rFire   . . .        f - +0 spear
rCold   . . .        (no shield)
rNeg    . . .        d - +0 leather armour
rPois   .            (no helmet)
rElec   .            (no cloak)
rCorr   .            (no gloves)
SInv    .            (no boots)
Will    .....        (no amulet)
Stlth   +            (no ring)
HPRegen 0.24/turn    (no ring)
MPRegen 0.11/turn

%: no passive effects
@: glowing
A: sense surroundings 1, otherworldly, glowing, explore regen
a: no special abilities


You were on level 3 of the Dungeon.
You visited 1 branch of the dungeon, and saw 3 of its levels.

You collected 52 gold pieces.

Inventory:

Hand Weapons
 f - a +0 spear (weapon)
 g - a +3 dagger
Missiles
 c - 2 poisoned darts
Armour
 a - a +0 robe
 d - a +0 leather armour (worn)
Scrolls
 h - a scroll of teleportation {unknown}
Potions
 b - a potion of magic
 e - a potion of enlightenment {unknown}
 i - a potion of curing {unknown}


   Skills:
 + Level 1.3 Fighting
 - Level 1.0 Armour
 - Level 2.4 Dodging
 - Level 1.4 Stealth
 + Level 3.3 Spellcasting
 - Level 1.2 Transmutations
 + Level 4.1 Earth Magic


You had 7 spell levels left.
You knew the following spells:

 Your Spells              Type           Power      Damage    Failure   Level
a - Sandblast             Erth           30%        2d9       4%          1

Your spell library contained the following spells:

 Spells                   Type           Power      Damage    Failure   Level
 Passwall                 Tmut/Erth      9%         N/A       12%         2
 Stone Arrow              Conj/Erth      18%        3d8       30%         3
 Petrify                  Tmut/Erth      11%        N/A       61%         4


Dungeon Overview and Level Annotations

Branches:
Dungeon (3/15) Zot: 1299

Altars:


Innate Abilities, Weirdness & Mutations

You passively map a small area around you.
You are easily found by Zot.
You glow in the dark.
You regain HP and MP as you explore.


Message History

You have 52 gold pieces.
You are not religious.
Casting: Sandblast (safe; 4% risk of failure)
Confirm with . or Enter, or press ? or * to list all spells.
Okay, then.
Found a stone staircase leading up.
A ball python comes into view.
The ball python hisses angrily.
There is a stone staircase leading up here.
The blast of sand hits the ball python!
You kill the ball python!
A hobgoblin comes into view.
The blast of sand hits the hobgoblin!
You kill the hobgoblin!
There is a stone staircase leading down here.
You climb downwards.
There is a stone staircase leading up here.
Really explore while Zot is near?
Okay, then.
An ogre comes into view. It is wielding a +0 giant spiked club.
The ogre shouts!
There's nothing to close nearby.
Casting: Sandblast (safe; 4% risk of failure)
Confirm with . or Enter, or press ? or * to list all spells.
Aiming: Sandblast (safe; 4% risk of failure)
Press: ? - help, Shift-Dir - straight line, f - ogre
Aim: an ogre, wielding a +0 giant spiked club (91% to hit)
The blast of sand hits the ogre!
The ogre is heavily wounded.
The ogre hits you with a +0 giant spiked club!
Ouch! That really hurt!
Casting: Sandblast (safe; 4% risk of failure)
Confirm with . or Enter, or press ? or * to list all spells.
Aiming: Sandblast (safe; 4% risk of failure)
Press: ? - help, Shift-Dir - straight line, f/p - ogre
Aim: an ogre, wielding a +0 giant spiked club (heavily wounded, 91% to hit)
The blast of sand misses the ogre.
The ogre hits you with a +0 giant spiked club!
Ouch! That really hurt!
You die...

* * .### *
.....######## *
............#####.
* ,#...<..@.......
*
,#######O.......,
* * *** *.#.#.##..
* * .# .# .# , ..
..,,.. * .., *.#.
#. , , #.. *.#.# ,
,,.. * ..,# * * ,


You could see an ogre.

Vanquished Creatures
  An adder (D:2)
  2 endoplasms (D:1)
  A giant cockroach (D:1)
  3 hobgoblins
  3 kobolds
  5 ball pythons
  2 bats (D:2)
  A frilled lizard (D:1)
  2 rats (D:1)
20 creatures vanquished.

Notes
Turn   | Place    | Note
-------+----------+-------------------------------------------
     0 | D:1      | hikkokomori the Meteoran Earth Elementalist began the quest
                  | for the Orb.
     0 | D:1      | Reached XP level 1. HP: 14/14 MP: 5/5
   114 | D:1      | Reached XP level 2. HP: 22/22 MP: 4/6
   192 | D:1      | Reached skill level 1 in Armour
   256 | D:2      | Reached skill level 1 in Fighting
   256 | D:2      | Reached XP level 3. HP: 27/28 MP: 8/8
   330 | D:2      | Reached skill level 4 in Earth Magic
   484 | D:3      | Noticed an ogre
   486 | D:3      | Slain by an ogre

Illustrated notes

Levels and vault maps discovered:
D:1:      minmay_arrival_four_houses, layout_loops_ring, nrook_loot_triangle,
          lemuel_flame_loot_1
D:2:      layout_basic, serial_shops, nicolae_shop_getting_attention
D:3:      layout_loops_ring, mainiacjoe_overflow_chevrons,
          eat_drink_and_be_merry_uskayaw, makhleb_altar_promises_db,
          uniq_terence

Skill      XL: |  1  2  3 |
---------------+----------+-----
Spellcasting   | 3 |  3.3
Armour         | 1 |  1.0
Fighting       | 1 |  1.3
Earth Magic    | 4 |  4.1
Dodging        | |  2.4
Stealth        | |  1.4
Transmutations | |  1.2

Action                     || total
---------------------------++-------
  Melee: Spear             ||    19
   Cast: Sandblast         ||    26
 Armour: Leather armour    ||     9
         Robe              ||     1
  Dodge: Dodged            ||    17

Table legend: (Time is in decaauts)
 A = Elapsed time spent in this place.
 B = Non-inter-level travel time spent in this place.
 C = Inter-level travel time spent in this place.
 D = Time resting spent in this place.
 E = Time spent auto-exploring this place.
 F = Levels seen in this place.
 G = Mean time per level.
                   A        B        C        D        E       F      G
               +--------+--------+--------+--------+--------+-----+--------+
         Total |    499 |    499 |      0 |      0 |      0 |   3 |  166.3 |
       Dungeon |    499 |    499 |      0 |      0 |      0 |   3 |  166.3 |
               +--------+--------+--------+--------+--------+-----+--------+

Top non-repeatable levels by time:
     D:2: 280 daAuts
     D:1: 213 daAuts
     D:3: 5 daAuts
